 Dungeon Crawl Stone Soup version 0.27.0-1-g7a089689b8 (webtiles) character file.

Game seed: 9328134970213228727

163 Dann the Covered (level 5, -1/29 (33) HPs)
             Began as a Tengu Fighter on Aug 11, 2021.
             Slain by a wight (4 damage)
             ... on level 3 of the Dungeon.
             The game lasted 00:04:12 (2435 turns).

Dann the Covered (Tengu Fighter)                    Turns: 2435, Time: 00:04:12

HP:   -1/29 (33)    AC:  8    Str: 17    XL:     5   Next: 44%
MP:   6/6           EV:  9    Int:  8    God:
Gold: 173           SH:  9    Dex: 14    Spells: 4/4 levels left

rFire    . . .     SeeInvis .   j - +4 mace (venom)
rCold    . . .     Faith    .   c - +0 kite shield
rNeg     . . .     Spirit   .   b - +0 scale mail
rPois    .         Reflect  .   (helmet restricted)
rElec    .         Harm     .   e - +0 cloak
rCorr    .         Rampage  .   (no gloves)
Will     .....                  (boots unavailable)
Stlth    ..........             (no amulet)
HPRegen  0.09/turn              (no ring)
MPRegen  0.10/turn              (no ring)

@: flying quickly and evasively, heavily drained, quick
A: beak, talons 3, nimble flight
a: no special abilities


You were on level 3 of the Dungeon.
You visited 1 branch of the dungeon, and saw 3 of its levels.

You collected 173 gold pieces.

Inventory:

Hand Weapons
 a - a +0 rapier
 j - a +4 mace of venom (weapon)
Armour
 b - a +0 scale mail (worn)
 c - a +0 kite shield (worn)
 e - a +0 cloak (worn)
 m - a +0 helmet
Scrolls
 f - 2 scrolls of teleportation {unknown}
 g - 3 scrolls of identify {unknown}
 h - a scroll of holy word {unknown}
 i - a scroll of fog {unknown}
 l - a scroll of silence {unknown}
Potions
 d - 2 potions of might
 k - a potion of heal wounds {unknown}


   Skills:
 + Level 4.0 Fighting
 + Level 3.3 Short Blades
 + Level 1.0 Maces & Flails
 + Level 4.2 Armour
 + Level 1.4 Dodging
 + Level 3.3 Shields


You had 4 spell levels left.
You didn't know any spells.
Your spell library contained the following spells:

 Spells                   Type           Power      Damage    Failure   Level
 Frozen Ramparts          Ice            0%         1d2       100%        3
 Ice Form                 Ice/Tmut       0%         N/A       100%        4
 Summon Ice Beast         Ice/Summ       0%         N/A       100%        4


Dungeon Overview and Level Annotations

Branches:
Dungeon (3/15)

Altars:
Wu Jian
Xom


Innate Abilities, Weirdness & Mutations

You have a beak for a mouth.
You have claws for feet.
Your magical nature lets you fly swiftly and evasively.


Message History

You can't wear that with your beak!
You see here a +0 rapier.
There is an escape hatch in the ceiling here.
Found a gnarled smoking staff.
A wight comes into view. It is wielding a +3 spear.
The wight moves out of view.
You see here a staff of conjuration.
A wight is nearby!
The wight hits you from afar with a +3 spear.
You block the wight's attack.
You hit the wight. You claw the wight, but do no damage. You peck the wight.
The wight is lightly damaged.
The wight hits you with a +3 spear.
You barely miss the wight. You claw the wight, but do no damage.
Your peck misses the wight.
The wight is lightly damaged.
You block the wight's attack. x2
You barely miss the wight. Your kick misses the wight. You peck the wight.
The wight is moderately damaged.
You block the wight's attack. The wight hits you with a +3 spear!
You feel drained.
You closely miss the wight. Your kick misses the wight. You peck the wight.
The wight is moderately damaged.
The wight hits you with a +3 spear.
You hit the wight but do no damage. You claw the wight, but do no damage.
The wight is moderately damaged.
You block the wight's attack. The wight hits you with a +3 spear.
* * * LOW HITPOINT WARNING * * *
You feel drained.
* * * LOW HITPOINT WARNING * * *
Press: ? - help, v - describe, . - travel
Here: a wight, wielding a +3 spear and wearing a +0 robe (moderately damaged)
The floor.
You hit the wight but do no damage. Your kick misses the wight.
The wight is moderately damaged.
The wight completely misses you.
You hit the wight. You claw the wight.
The wight is severely damaged.
You block the wight's attack. The wight hits you with a +3 spear.
You die...

#### ...# #
####+##.### #
#.........######## #
#................# #
#..........#####.# #
#..........# ####
#........|@# ...#
#........z###.
...####..............
..........##+#.#.##..
..........# ..#.#
.......†..####.#..
##<............#.#.
)..............###.#
............#...


You could see a wight.

Vanquished Creatures
  An ice beast (D:3)
  3 adders (D:2)
  3 dart slugs
  5 ball pythons
  4 endoplasms
  A giant cockroach (D:3)
  2 goblins (D:3)
  5 hobgoblins
  2 jackals (D:1)
  5 kobolds
  4 quokkas
  7 bats
  3 frilled lizards (D:1)
  2 rats (D:3)
47 creatures vanquished.

Vanquished Creatures (others)
  6 plants (D:3)
6 creatures vanquished.

Grand Total: 53 creatures vanquished

Notes
Turn   | Place    | Note
-------+----------+-------------------------------------------
     0 | D:1      | Dann the Tengu Fighter began the quest for the Orb.
     0 | D:1      | Reached XP level 1. HP: 14/14 MP: 2/2
   362 | D:1      | Reached XP level 2. HP: 18/19 MP: 3/3
   377 | D:1      | Found a faded altar of an unknown god.
   939 | D:1      | Reached XP level 3. HP: 21/23 MP: 4/4
  1517 | D:2      | Found a shimmering altar of Xom.
  1665 | D:2      | Reached skill level 1 in Dodging
  1665 | D:2      | Reached XP level 4. HP: 23/29 MP: 5/5
  2205 | D:3      | Found an ornate altar of the Wu Jian Council.
  2228 | D:3      | Noticed an ice beast
  2237 | D:3      | Killed an ice beast
  2238 | D:3      | Gained mutation: Your magical nature lets you fly swiftly
                  | and evasively. [Tengu growth]
  2238 | D:3      | Reached XP level 5. HP: 20/33 MP: 6/6
  2357 | D:3      | Reached skill level 1 in Maces & Flails
  2435 | D:3      | Slain by a wight

Illustrated notes

Levels and vault maps discovered:
D:1:      sevenhm_arrival_forest_fort_small_6, layout_loops_ring,
          hellmonk_ecumenical_altar_arch_garden
D:2:      layout_basic, basic_altar, kennysheep_generic_room_15
D:3:      wad_woods_stonehenge, layout_basic, grunt_temple_overflow_open,
          serial_shops, shop_scrolls, moated_statue

Skill      XL: |  1  2  3  4  5 |
---------------+----------------+-----
Dodging        | 1 |  1.4
Fighting       | 4 |  4.0
Short Blades   | 3 |  3.3
Armour         | 4 |  4.2
Maces & Flails | 1 |  1.0
Shields        | |  3.3

Action                   |  1- 3 |  4- 6 || total
-------------------------+-------+-------++-------
Melee: Rapier            |    74 |       ||    74
       Kick              |    21 |    11 ||    32
       Peck              |     6 |     8 ||    14
       Mace              |       |    35 ||    35
Armor: Scale mail        |    37 |    10 ||    47
Dodge: Dodged            |    24 |     4 ||    28
Block: Kite shield       |    37 |    10 ||    47
